 Dungeon Crawl Stone Soup version 0.32-a0-791-gfc315c9ecd (webtiles) character file.

Game seed: 9764824099728113456

67 cforsyth the Firebug (level 3, 0/33 HPs)
             Began as a Mountain Dwarf Cinder Acolyte on Mar 20, 2024.
             Was a High Priest of Ignis.
             Slain by a ribbon worm (7 damage)
             ... on level 2 of the Dungeon.
             The game lasted 00:02:17 (1774 turns).

cforsyth the Firebug (MDCA)                         Turns: 1774, Time: 00:02:17

Health: 0/33       AC:  2    Str: 18    XL:     3   Next: 98%
Magic:  2/5        EV: 10    Int: 14    God:    Ignis [*****.]
Gold:   23         SH:  0    Dex:  5    Spells: 3/5 levels left

rFire   + . .        a - -1 hand axe (flame)
rCold   . . .        (no shield)
rNeg    . . .        b - +0 robe
rPois   .            (no helmet)
rElec   .            (no cloak)
rCorr   .            (no gloves)
SInv    .            (no boots)
Will    .....        (no amulet)
Stlth   +            (no ring)
HPRegen 0.25/turn    (no ring)
MPRegen 0.09/turn

%: no passive effects
@: no status effects
A: runic magic, artefact enchanting
a: Renounce Religion, Fiery Armour, Foxfire Swarm, Rising Flame


You were on level 2 of the Dungeon.
You worshipped Ignis.
Ignis was extremely pleased with you.
You visited 1 branch of the dungeon, and saw 2 of its levels.

You collected 23 gold pieces.


Innate Abilities, Weirdness & Mutations

Your spellcasting is much less encumbered by armour.
You can use scrolls of enchantment on lesser artefacts.


   Skills:
 + Level 3.8 Fighting
 + Level 4.1 Axes
 + Level 1.5 Armour
 + Level 1.6 Spellcasting
 + Level 4.2 Fire Magic


You had 3 spell levels left.
You knew the following spells:

 Your Spells              Type           Power      Damage    Failure   Level
X - Scorch                Fire           24%        2d6       7%          2

Your spell library contained the following spells:

 Spells                   Type           Power      Damage    Failure   Level


Inventory:

Hand Weapons
 a - a -1 hand axe of flaming (weapon)
Armour
 b - a +0 robe (worn)
Scrolls
 d - 3 scrolls of fog {unknown}
 e - a scroll of acquirement {unknown}
 f - a scroll of silence {unknown}
Potions
 c - a potion of curing {@q1}
 g - a potion of brilliance {unknown}

Dungeon Overview and Level Annotations

Branches:
Dungeon (2/15)

Altars:

Annotations:
D:2 1 runed translucent door, Crazy Yiuf

#.# ##### #.# ###...##### #.#
#......... #.# ##.......##.
#.# #.....<..... .
###.#####..<†.....# .
###.......#..)......#. .
#...#.......>@........ .. .
#.#.#.▒▒▒▒▒..w........ .#
#.....▒ß.ß▒........... .#
#..ß▒▒▒...▒▒▒ß.####### ..
#...'...⚑...'..# .# #
#..ß▒▒▒...▒▒▒ß.# ##### .##.#
#.....▒ß.ß▒....####...###..)..
#####.▒▒▒▒▒.........#...w.#
#........######w..###.#


You could see a ribbon worm.


Message History

The ribbon worm bites you.
You hit the ribbon worm but do no damage.
The ribbon worm is moderately wounded.
The ribbon worm bites you.
Your magical contamination has completely faded away.
You hit the ribbon worm but do no damage.
The ribbon worm is lightly wounded.
The ribbon worm bites you!
You hit the ribbon worm. You burn the ribbon worm.
The ribbon worm is heavily wounded.
You hit the ribbon worm but do no damage.
The ribbon worm is heavily wounded.
The ribbon worm bites you.
* * * LOW HITPOINT WARNING * * *
You hit the ribbon worm. You burn the ribbon worm.
The ribbon worm is heavily wounded.
The ribbon worm bites you.
* * * LOW HITPOINT WARNING * * *
You hit the ribbon worm. You burn the ribbon worm.
The ribbon worm is severely wounded.
The ribbon worm expels a string of sticky webbing.
The stream of webbing hits you but does no damage.
You are caught in a web!
The web tears apart.
The ribbon worm bites you.
* * * LOW HITPOINT WARNING * * *
You hit the ribbon worm. You burn the ribbon worm.
The ribbon worm is severely wounded.
The ribbon worm bites you!
You die...
Ignis goes out, and joins you in death.

Skill      XL: |  1  2  3 |
---------------+----------+-----
Armour         | 1 |  1.5
Axes           | 4 |  4.1
Fire Magic     | 4 |  4.2
Fighting       | |  3.8
Spellcasting   | |  1.6

Action                     || total
---------------------------++-------
  Melee: Hand axe          ||    80
   Cast: Scorch            ||    30
    Use: Potion            ||     1
 Armour: Robe              ||    86
  Dodge: Dodged            ||    47

Levels and vault maps discovered:
D:1:      shiori_shiawase, layout_loops_cross, fountainhead,
          hangedman_decor_slide_cut
D:2:      layout_loops_cross, dreamdust_ecumenical_altar_angels_and_demons,
          uniq_terence, uniq_robin, uniq_crazy_yiuf_cottage

Notes
Turn   | Place    | Note
-------+----------+-------------------------------------------
     0 | D:1      | cforsyth the Mountain Dwarf Cinder Acolyte began the quest
                  | for the Orb.
     0 | D:1      | Reached XP level 1. HP: 19/19 MP: 2/2
   181 | D:1      | Reached XP level 2. HP: 23/26 MP: 3/3
   211 | D:1      | Learned a level 2 spell: Scorch
   852 | D:1      | Reached skill level 1 in Armour
  1162 | D:2      | Reached XP level 3. HP: 28/31 MP: 1/5
  1259 | D:2      | Found a runed translucent door.
  1260 | D:2      | Noticed Crazy Yiuf
  1321 | D:1      | Reached skill level 4 in Axes
  1321 | D:1      | Reached skill level 4 in Fire Magic
  1652 | D:2      | Found a faded altar of an unknown god.
  1774 | D:2      | Slain by a ribbon worm

Vanquished Creatures
  An orc wizard (D:1)
  A ribbon worm (D:1)
  2 orcs
  4 bats
  2 endoplasms (D:1)
  2 giant cockroaches (D:1)
  8 goblins
  4 hobgoblins
  3 quokkas (D:1)
  A ball python (D:1)
  3 frilled lizards (D:1)
  3 kobolds
  3 rats (D:1)
37 creatures vanquished.

Table legend: (Time is in decaauts)
 A = Elapsed time spent in this place.
 B = Non-inter-level travel time spent in this place.
 C = Inter-level travel time spent in this place.
 D = Time resting spent in this place.
 E = Time spent auto-exploring this place.
 F = Levels seen in this place.
 G = Mean time per level.
                   A        B        C        D        E       F      G
               +--------+--------+--------+--------+--------+-----+--------+
         Total |   1787 |   1758 |     29 |    234 |   1153 |   2 |  893.5 |
       Dungeon |   1787 |   1758 |     29 |    234 |   1153 |   2 |  893.5 |
               +--------+--------+--------+--------+--------+-----+--------+

Top non-repeatable levels by time:
     D:1: 1351 daAuts
     D:2: 436 daAuts

Table legend:
 A = Non-vault XP
 B = Vault XP
 C = Vault XP percentage of total XP
 D = Non-vault monster count
 E = Vault monster count
 F = Vault count percentage of total count
                 A         B        C        D         E       F
            +---------+---------+-------+---------+---------+-------
      Total |      87 |       9 |   9.4 |      32 |       5 |  13.5
            +---------+---------+-------+---------+---------+-------
        D:1 |      76 |       0 |   0.0 |      26 |       0 |   0.0
        D:2 |      11 |       9 |  45.0 |       6 |       5 |  45.5
            +---------+---------+-------+---------+---------+-------
